[Event "18th Izmir Open 2019"]
[Site "Izmir"]
[Date "2019.09.05"]
[Round "6.4"]
[White "Bicer, Atakan Mert"]
[Black "Yilmazyerli, Mert"]
[Result "0-1"]
[ECO "A10"]
[WhiteElo "2035"]
[BlackElo "2417"]
[Annotator "NA RC"]
[PlyCount "84"]
[EventDate "2019.09.02"]
[EventType "swiss"]
[EventCountry "TUR"]
[SourceTitle "playchess.com"]
[Source "ChessBase"]
[SourceQuality "1"]
[TimeControl "5400+30"]

1. c4 b6 2. Nc3 Bb7 3. e4 e5 4. Nf3 Nc6 5. d4 exd4 6. Nxd4 Bb4 7. Be3 Nf6 8. f3 O-O 9. Be2 $11 Bxc3+ 10. bxc3 d6 11. O-O Nd7 12. Qe1 Re8 13. Qg3 Qf6 14. Rae1 Nc5 15. h4 Ne6 16. Rd1 Qe5 17. f4 Nexd4 18. Rxd4 Qe7 19. Rd5 Qxe4 20. Rf3 Ne7 21. Bd3 Bxd5 22. Bxe4 Bxe4 23. f5 Bxf3 24. Qxf3 Nxf5 25. Bf2 Ne7 26. h5 h6 27. g4 Rad8 28. Qb7 Rd7 29. Qg2 f6 30. g5 fxg5 31. Qg4 Rdd8 32. Qe6+ Kh7 33. Qe4+ Kh8 34. Qb7 Rd7 35. Qe4 Red8 36. Qe6 Ng8 37. Qf5 Re7 38. Bd4 c5 39. Bf2 Nf6 40. Qg6 Ne4 41. Be3 Rf8 42. Bxg5 Nxg5 0-1

[Event "18th Izmir Open 2019"]
[Site "Izmir"]
[Date "2019.09.05"]
[Round "6.5"]
[White "Isik, Alparslan"]
[Black "Taspinar, Yanki"]
[Result "1-0"]
[ECO "A06"]
[WhiteElo "2200"]
[BlackElo "1970"]
[Annotator "NA"]
[PlyCount "73"]
[EventDate "2019.09.02"]
[EventType "swiss"]
[EventCountry "TUR"]
[SourceTitle "playchess.com"]
[Source "ChessBase"]
[SourceQuality "1"]
[TimeControl "5400+30"]

1. d4 d5 2. c4 e6 3. Nf3 c6 4. e3 Nf6 5. b3 Nbd7 6. Bb2 Bd6 7. Bd3 O-O 8. O-O b6 9. Nbd2 Bb7 10. Ne5 c5 11. cxd5 exd5 12. f4 Ne4 (12... cxd4 $11 {keeps the balance.} 13. exd4 Ne4) 13. Nxe4 dxe4 14. Bc4 Nf6 $16 15. Ng4 Be7 16. Ne5 Bd5 17. Bb5 a6 18. Nc6 Qd7 19. Nxe7+ Qxe7 20. Be2 Bb7 21. dxc5 Qxc5 22. Qd4 Qxd4 23. Bxd4 Nd5 24. a4 Rfd8 25. Rac1 Rd6 26. g3 Rad8 27. Rfd1 f6 28. Kf2 a5 29. Bc4 R8d7 30. Bb5 Rd8 31. Ke2 Kf7 32. Rc2 Ke6 33. Rcd2 Nc7 34. Bxb6 Nxb5 35. Bxd8 Nc3+ 36. Ke1 Nxd1 37. Kxd1 1-0

[Event "18th Izmir Open 2019"]
[Site "Izmir"]
[Date "2019.09.05"]
[Round "6.6"]
[White "Yilmaz, Turhan"]
[Black "Ozbek, Busra"]
[Result "1/2-1/2"]
[ECO "B06"]
[WhiteElo "2180"]
[BlackElo "1928"]
[Annotator "ChessBase"]
[PlyCount "162"]
[EventDate "2019.09.02"]
[EventType "swiss"]
[EventCountry "TUR"]
[SourceTitle "playchess.com"]
[Source "ChessBase"]
[SourceQuality "1"]
[TimeControl "5400+30"]

1. e4 g6 2. d4 Bg7 3. Nc3 d6 4. Be3 c6 5. Qd2 b5 6. f3 Nd7 7. g4 Qc7 8. Nce2 Nb6 9. b3 h5 10. g5 Bb7 11. Nh3 e5 12. f4 Ne7 13. Bg2 Rd8 14. Qa5 Nbd5 15. Qxc7 Nxc7 16. a4 a6 17. c4 exf4 18. Nhxf4 bxc4 19. bxc4 c5 20. Rb1 Bc6 21. d5 Bxa4 22. Rb7 Rc8 23. O-O Bd7 24. Rfb1 a5 25. Ra7 a4 26. Rbb7 Be5 27. Rxc7 Rxc7 28. Rxc7 Nc8 29. Nd3 a3 30. Nec1 Bc3 31. Rb7 Ba4 32. e5 Bc2 33. Na2 Ba1 34. exd6 Nxd6 35. Rb8+ Ke7 36. Rxh8 Bxh8 37. Ndc1 Nxc4 38. Bxc5+ Kd7 39. Bf1 Nd2 40. Bb5+ Kd8 41. d6 Bd4+ 42. Bxd4 Nf3+ 43. Kf2 Nxd4 44. Bc4 Ne6 45. Nb4 Bf5 46. Bb5 Nxg5 47. Ke3 Ne4 48. Nc6+ Kd7 49. Nd4+ Kxd6 50. Nxf5+ gxf5 51. Kd4 Nd2 52. Be2 h4 53. Kc3 Ne4+ 54. Kd4 Nd2 55. Ke3 Ne4 56. Kf4 Ke6 57. Bd3 Nc3 58. Bc4+ Kf6 59. Ke3 Kg6 60. Kd4 Ne4 61. Nd3 f6 62. Ke3 Kg5 63. h3 Nc3 64. Nb4 f4+ 65. Kf3 Kf5 66. Nc2 a2 67. Bb3 Kg5 68. Be6 Kg6 69. Kxf4 Ne2+ 70. Ke3 Nc3 71. Kd3 Nd1 72. Kd2 Nf2 73. Ke2 Ne4 74. Ke3 Ng5 75. Bd7 f5 76. Kf4 Nxh3+ 77. Ke5 Kg5 78. Bxf5 Nf2 79. Be6 h3 80. Bxa2 h2 81. Bd5 h1=Q 1/2-1/2

[Event "18th Izmir Open 2019"]
[Site "Izmir"]
[Date "2019.09.05"]
[Round "6.7"]
[White "Celiker, Yakup"]
[Black "Demirbag, Alihan"]
[Result "0-1"]
[ECO "A65"]
[WhiteElo "1940"]
[BlackElo "2121"]
[Annotator "NA"]
[PlyCount "78"]
[EventDate "2019.09.02"]
[EventType "swiss"]
[EventCountry "TUR"]
[SourceTitle "playchess.com"]
[Source "ChessBase"]
[SourceQuality "1"]
[TimeControl "5400+30"]

1. d4 Nf6 2. c4 c5 3. d5 e6 4. Nc3 exd5 5. cxd5 d6 {[%emt 0:00:30] Decoy} 6. e4 $14 g6 7. f3 Bg7 8. Nge2 O-O 9. Ng3 a6 10. a4 Nbd7 11. Be2 Rb8 12. O-O Ne8 13. Be3 Nc7 14. Qd2 b5 15. axb5 axb5 16. Bg5 f6 17. Bh6 c4 18. Bxg7 Kxg7 19. Ra7 Ba6 20. Ra1 Rb6 21. Na2 Qb8 22. Rxc7 Qxc7 23. Nb4 Bb7 24. f4 Nc5 25. Rf1 Nb3 26. Qe1 Ra8 27. e5 dxe5 28. Ne4 Rd8 29. Bf3 Nd4 30. d6 Rbxd6 31. fxe5 Nxf3+ 32. gxf3 fxe5 33. Ng5 Qc5+ 34. Kg2 h6 35. Nh3 Rd2+ 36. Rf2 Qxb4 37. Qxe5+ Kh7 38. Rxd2 Qxd2+ 39. Nf2 Qg5+ 0-1

[Event "18th Izmir Open 2019"]
[Site "Izmir"]
[Date "2019.09.05"]
[Round "6.8"]
[White "Okus, Melih"]
[Black "Unat, Can Haktan"]
[Result "0-1"]
[ECO "A23"]
[WhiteElo "1935"]
[BlackElo "2100"]
[Annotator "NA"]
[PlyCount "106"]
[EventDate "2019.09.02"]
[EventType "swiss"]
[EventCountry "TUR"]
[SourceTitle "playchess.com"]
[Source "ChessBase"]
[SourceQuality "1"]
[TimeControl "5400+30"]

1. c4 e5 2. Nc3 Nf6 3. g3 c6 4. d4 e4 5. Bg2 d5 6. f3 Bb4 ({Of course not} 6... dxc4 7. fxe4 Bb4 8. e5 $16) 7. a3 Bxc3+ 8. bxc3 O-O 9. Bg5 Bf5 $15 ({Reject} 9... dxc4 $6 10. fxe4 h6 11. Bxf6 $14) 10. fxe4 Bxe4 11. Nf3 Nbd7 12. O-O h6 13. Bxf6 Nxf6 14. Qb3 b6 15. Ne5 Rc8 16. a4 c5 17. cxd5 Bxg2 18. Kxg2 Qxd5+ 19. Qxd5 Nxd5 20. Rf3 cxd4 21. cxd4 Rc2 22. Kf1 f6 23. Ng4 Re8 24. Rf5 Nc3 25. e3 Re4 26. h3 Re7 27. Rf2 Rxf2+ 28. Kxf2 h5 29. Nh2 Ne4+ 30. Kg2 Rc7 31. Ra2 Rc3 32. Nf1 Kf7 33. Kf3 Ng5+ 34. Ke2 Ke6 35. a5 b5 36. a6 Ne4 37. g4 hxg4 38. hxg4 g6 39. Nd2 Nd6 40. Rb2 Kd5 41. Nb1 Rxe3+ 42. Kxe3 Nc4+ 43. Kd3 Nxb2+ 44. Kc3 Nc4 45. Kb4 Nd6 46. Nd2 Kxd4 47. Nb3+ Kd5 48. Nc5 f5 49. gxf5 gxf5 50. Nd7 f4 51. Nf6+ Kd4 52. Ng4 f3 53. Nf2 Ne4 0-1

[Event "18th Izmir Open 2019"]
[Site "Izmir"]
[Date "2019.09.05"]
[Round "6.9"]
[White "Mohannad, Farhan"]
[Black "Aydinalp, Suhel"]
[Result "1-0"]
[ECO "E92"]
[WhiteElo "2094"]
[BlackElo "1709"]
[Annotator "NA"]
[PlyCount "121"]
[EventDate "2019.09.02"]
[EventType "swiss"]
[EventCountry "TUR"]
[SourceTitle "playchess.com"]
[Source "ChessBase"]
[SourceQuality "1"]
[TimeControl "5400+30"]

1. d4 Nf6 2. c4 g6 3. Nc3 Bg7 4. e4 d6 5. Nf3 O-O 6. Be2 e5 7. d5 a5 8. O-O b6 9. Bg5 h6 10. Bh4 g5 11. Bg3 Nh5 $14 12. Nd2 Nf4 13. Bg4 Nd7 14. a3 Nc5 15. Bxc8 Qxc8 16. b4 Ncd3 17. Qb3 h5 18. f3 h4 19. Bf2 Nxf2 20. Rxf2 g4 21. Rff1 g3 22. Rfd1 axb4 23. axb4 Rxa1 24. Rxa1 gxh2+ 25. Kxh2 Qd8 26. Nf1 Qg5 27. Qc2 Bh6 28. Nd1 Nh5 29. Nde3 Kh8 30. Ng4 Rg8 31. Nfe3 Qf4+ 32. Kg1 h3 33. Nf5 Bg5 34. Qf2 Ng7 35. g3 Qd2 36. Qxd2 Bxd2 37. Nxg7 Kxg7 38. b5 Ba5 39. Kh2 Kg6 40. Ne3 Rh8 41. Nf5 Kg5 42. Nh4 Rxh4 43. gxh4+ Kxh4 44. Rg1 Bd2 45. Rg4+ Kh5 46. Kxh3 Bg5 47. Rg2 f6 48. Ra2 Kg6 49. Kg4 Be3 50. Ra7 Bd2 51. Rxc7 Be3 52. Rd7 Bc5 53. Rd8 Bb4 54. Rg8+ Kf7 55. Rb8 Bc5 56. Kf5 Be3 57. Rb7+ Kg8 58. Kxf6 Bc5 59. Rd7 Bb4 60. Rg7+ Kf8 61. Rb7 1-0

[Event "18th Izmir Open 2019"]
[Site "Izmir"]
[Date "2019.09.06"]
[Round "7.1"]
[White "Kamer, Kayra"]
[Black "Guseynov, Alihan"]
[Result "1-0"]
[ECO "B32"]
[WhiteElo "2304"]
[BlackElo "2326"]
[Annotator "NA"]
[PlyCount "167"]
[EventDate "2019.09.02"]
[EventType "swiss"]
[EventCountry "TUR"]
[SourceTitle "playchess.com"]
[Source "ChessBase"]
[SourceQuality "1"]
[TimeControl "5400+30"]

1. e4 c5 2. Nf3 Nc6 3. d4 cxd4 4. Nxd4 e5 5. Nb5 d6 6. N1c3 a6 7. Na3 Be7 8. Be3 {[%emt 0:02:30] B32: Sicilian: Löwenthal and Kalashnikov Variations} (8. Nc4 b5 9. Ne3 Nf6 10. g3 O-O 11. Bg2 b4 12. Ncd5 Nxd5 13. Nxd5 Bg5 14. Bxg5 Qxg5 15. a3 bxa3 16. Rxa3 {½-½ (42) Robson,R (2667)-Moranda,W (2595) chess.com INT 2019}) 8... Nf6 9. Nc4 b5 10. Nb6 Rb8 11. Nxc8 Qxc8 12. a4 O-O 13. axb5 axb5 14. f3 $146 ({Predecessor:} 14. Be2 Nb4 15. O-O d5 16. Nxd5 Nfxd5 17. exd5 {1-0 (36) Hacker,J (2357)-Gohil,H (2290) Germany 2016}) 14... b4 15. Nd5 Nxd5 16. Qxd5 Ra8 17. Rxa8 Qxa8 18. Kf2 Nd4 19. Qxa8 Rxa8 20. Bd3 Bd8 21. Rb1 Kf8 22. Ke1 Bb6 23. Kd1 Bc5 24. Bc4 Ne6 25. Bd2 Ke7 26. c3 Rb8 27. Ra1 bxc3 28. bxc3 Bg1 29. Kc2 Bc5 30. g3 f6 31. f4 Bb6 32. Rf1 Bc5 33. Bd5 Ba3 34. Ra1 Bc5 35. Bc1 Nc7 36. Bc4 Ne6 37. Ra4 Bb6 38. Bd5 Nc7 39. Ba3 Nxd5 40. exd5 Rb7 41. Ra6 exf4 42. gxf4 f5 43. Kd3 Kd7 44. Bb4 Bc7 45. Ra8 Bb8 46. Kc4 g6 {[%emt 0:00:26] [#]} (46... Ke7 $11 {keeps the balance.}) 47. Kb3 ({White should try} 47. h4 $1 $16) 47... Ke7 48. c4 Kd7 49. Kc3 Ke7 50. h3 Kd7 51. h4 Ke7 52. Ra2 Ra7 53. Re2+ Kf7 54. Re6 Rd7 $1 55. h5 Bc7 56. Kd3 Rd8 57. Ba3 (57. Bc3 $16) 57... Bb8 58. Kc2 Bc7 $16 59. Bb4 Rd7 60. Kb3 Rd8 61. Bc3 Rb8+ 62. Ka4 Ra8+ 63. Kb5 Ra3 64. hxg6+ hxg6 65. Bf6 Ra5+ 66. Kc6 Rc5+ 67. Kd7 Rxc4 68. Bg5 Ba5 69. Re7+ Kg8 70. Re8+ Kf7 71. Ra8 Bc3 72. Kxd6 Bd2 73. Ra7+ Ke8 74. Re7+ Kf8 75. Bh6+ Kg8 76. Rg7+ Kh8 77. Rxg6 Kh7 78. Re6 Bb4+ 79. Kd7 Rd4 80. Kc6 Ba3 81. Bg5 Rc4+ 82. Kd7 Kg7 83. Bf6+ Kf7 84. Be5 1-0

[Event "18th Izmir Open 2019"]
[Site "Izmir"]
[Date "2019.09.06"]
[Round "7.4"]
[White "Unat, Can Haktan"]
[Black "Koksal, Ege"]
[Result "0-1"]
[ECO "C01"]
[WhiteElo "2100"]
[BlackElo "2375"]
[Annotator "RC"]
[PlyCount "92"]
[EventDate "2019.09.02"]
[EventType "swiss"]
[EventCountry "TUR"]
[SourceTitle "playchess.com"]
[Source "ChessBase"]
[SourceQuality "1"]
[TimeControl "5400+30"]

1. e4 e6 2. Nf3 d5 3. exd5 exd5 4. d4 Nf6 5. Bd3 c5 6. dxc5 Bxc5 7. h3 O-O 8. O-O Nc6 9. c3 Ne4 10. Nbd2 Bf5 11. Nb3 Bb6 12. Nbd4 Bg6 13. Be3 Re8 14. Re1 Qf6 15. Nb5 Ba5 16. b4 a6 17. bxa5 axb5 18. Bxe4 dxe4 19. Nd4 Rxa5 20. Qb3 Ne5 21. Qd5 Qa6 22. Nb3 Ra3 23. Reb1 Qc6 24. Qc5 Nc4 25. Nd2 Nxe3 26. Qxa3 Nc2 27. Qa5 e3 28. fxe3 Nxe3 29. Nf3 Bxb1 30. Rxb1 Nxg2 31. Qxb5 Nf4 32. Qxc6 bxc6 33. Kf2 h6 34. Nd4 Nxh3+ 35. Kg2 c5 36. Kxh3 cxd4 37. cxd4 Re3+ 38. Kg2 Re2+ 39. Kf3 Rxa2 40. Rb8+ Kh7 41. d5 Rd2 42. Ke4 h5 43. Ke5 h4 44. Rb4 g5 45. Kf6 Rxd5 46. Rb7 Kh6 0-1

[Event "18th Izmir Open 2019"]
[Site "Izmir"]
[Date "2019.09.06"]
[Round "7.6"]
[White "Annaberdiyev, Babageldi"]
[Black "Mohannad, Farhan"]
[Result "1/2-1/2"]
[ECO "A05"]
[WhiteElo "2205"]
[BlackElo "2094"]
[Annotator "NA"]
[PlyCount "49"]
[EventDate "2019.09.02"]
[EventType "swiss"]
[EventCountry "TUR"]
[SourceTitle "playchess.com"]
[Source "ChessBase"]
[SourceQuality "1"]
[TimeControl "5400+30"]

1. Nf3 Nf6 2. g3 b6 3. Bg2 Bb7 4. O-O c5 5. d3 g6 6. e4 d6 7. b3 Bg7 8. Bb2 O-O 9. Nbd2 $11 Nbd7 10. Qc1 b5 11. a4 a6 12. Re1 e5 13. axb5 axb5 14. Rxa8 Bxa8 15. c4 b4 16. Nf1 Bb7 17. Qc2 Qb6 18. Ra1 Bh6 19. Bc1 Bxc1 20. Qxc1 Ra8 21. Rxa8+ Bxa8 22. Qa1 Bb7 23. Ne3 Qa6 24. Qxa6 Bxa6 25. Nd2 1/2-1/2

[Event "18th Izmir Open 2019"]
[Site "Izmir"]
[Date "2019.09.06"]
[Round "7.7"]
[White "Ozbek, Busra"]
[Black "Shanava, Konstantine"]
[Result "0-1"]
[ECO "B06"]
[WhiteElo "1928"]
[BlackElo "2500"]
[Annotator "RC"]
[PlyCount "108"]
[EventDate "2019.09.02"]
[EventType "swiss"]
[EventCountry "TUR"]
[SourceTitle "playchess.com"]
[Source "ChessBase"]
[SourceQuality "1"]
[TimeControl "5400+30"]

1. d4 g6 2. Nf3 Bg7 3. c3 d6 4. e4 Nf6 5. Qc2 O-O 6. Bg5 h6 7. Bh4 Nh5 8. Bc4 c5 9. dxc5 dxc5 10. O-O Nc6 11. Re1 Qc7 12. Nbd2 Bg4 13. Rac1 Rad8 14. Bf1 a6 15. a4 Rd7 16. Bg3 Nxg3 17. hxg3 Rfd8 18. Nc4 Bxf3 19. gxf3 b5 20. axb5 axb5 21. Ne3 Rd2 22. Qb1 Be5 23. Re2 Bxg3 24. Nd5 R8xd5 25. exd5 Bh2+ 26. Kg2 Rxd5 27. Re4 Bf4 28. Rd1 Rg5+ 29. Kh1 Rh5+ 30. Kg2 Qc8 31. Kg1 Rg5+ 32. Kh1 Qf5 33. Bg2 Rh5+ 34. Kg1 Qg5 35. Rxf4 Qxf4 36. Qe4 Qxe4 37. fxe4 Ne5 38. b3 c4 39. bxc4 Nxc4 40. Kf1 Rc5 41. Ke2 e6 42. Rb1 Nb6 43. Kd2 Nc4+ 44. Ke2 g5 45. Kd3 e5 46. Bh3 Nb6 47. Bg4 Kg7 48. Kd2 Kg6 49. Bf5+ Kf6 50. Bg4 Nc4+ 51. Kd3 Nd6 52. Rg1 Kg6 53. Rh1 Kg7 54. f3 Rc4 0-1

[Event "18th Izmir Open 2019"]
[Site "Izmir"]
[Date "2019.09.02"]
[Round "7.9"]
[White "Salman, Ilhan Serhat"]
[Black "Bektas, Cagan Erdem"]
[Result "1-0"]
[ECO "A80"]
[WhiteElo "2037"]
[BlackElo "1762"]
[Annotator "NA RC"]
[PlyCount "77"]
[EventDate "2019.09.02"]
[EventType "swiss"]
[EventCountry "TUR"]
[SourceTitle "playchess.com"]
[Source "ChessBase"]
[SourceQuality "1"]
[TimeControl "5400+30"]

1. d4 f5 2. Bg5 h6 3. Bh4 g5 4. Bg3 Nf6 5. e3 Bg7 $14 6. h4 g4 7. Bd3 d6 8. c3 O-O 9. Ne2 Nh5 10. Nf4 Nxg3 11. fxg3 e6 12. O-O d5 13. c4 c6 14. Nc3 Qe8 15. Qb3 Na6 16. cxd5 exd5 17. Ncxd5 cxd5 18. Bxa6 bxa6 19. Qxd5+ Kh7 20. Qxa8 Qxe3+ 21. Kh2 Qxd4 22. Rac1 Bd7 23. Qb7 Rf7 24. b3 Be8 25. Rc7 Rxc7 26. Qxc7 Bd7 27. Re1 Qb4 28. Rd1 Bb5 29. Ne6 Qc3 30. Qxg7+ Qxg7 31. Nxg7 Kxg7 32. Rc1 Bd3 33. Rc7+ Kf6 34. Rxa7 Ke5 35. Rh7 Kd4 36. Rxh6 Kc3 37. Rd6 Bb5 38. h5 Kb2 39. h6 1-0

[Event "18th Izmir Open 2019"]
[Site "Izmir"]
[Date "2019.09.06"]
[Round "8.1"]
[White "Isik, Alparslan"]
[Black "Kamer, Kayra"]
[Result "1-0"]
[ECO "E91"]
[WhiteElo "2200"]
[BlackElo "2304"]
[Annotator "ChessBase"]
[PlyCount "129"]
[EventDate "2019.09.02"]
[EventType "swiss"]
[EventCountry "TUR"]
[SourceTitle "playchess.com"]
[Source "ChessBase"]
[SourceQuality "1"]
[TimeControl "5400+30"]

1. d4 Nf6 2. c4 g6 3. Nc3 Bg7 4. e4 d6 5. Be2 O-O 6. Nf3 Bg4 7. Be3 Nfd7 8. Rc1 c5 9. d5 Na6 10. h3 Bxf3 11. Bxf3 Nc7 12. h4 e6 13. h5 exd5 14. exd5 Re8 15. hxg6 hxg6 16. Kf1 Ne5 17. Be2 f5 18. g3 Qf6 19. Kg2 Nf7 20. Qd2 Re7 21. Rh3 Rae8 22. g4 f4 23. Bxf4 Rxe2 24. Nxe2 Rxe2 25. Qxe2 Qxf4 26. Qe3 Qxg4+ 27. Rg3 Qf5 28. Qf3 Ne5 29. Qxf5 gxf5 30. f4 Ng4 31. Re1 Kf7 32. Rh3 Nf6 33. Kf3 b5 34. b3 bxc4 35. bxc4 Na8 36. Re6 Nb6 37. Rxd6 Nxc4 38. Ra6 Bf8 39. Rxa7+ Be7 40. Rh2 Nd6 41. a4 Nxd5 42. Rd2 Nc8 43. Ra8 Ncb6 44. Rb8 c4 45. a5 c3 46. Rc2 Nc4 47. a6 Nd2+ 48. Kg3 Ne4+ 49. Kf3 Nd2+ 50. Ke2 Nxf4+ 51. Kd1 Nd5 52. a7 Ne3+ 53. Ke2 Nxc2 54. a8=Q Nd4+ 55. Kd3 N4f3 56. Qd5+ Kf6 57. Kxc3 Ne4+ 58. Kc2 Kg5 59. Rb5 Kh4 60. Qd7 Bg5 61. Rxf5 Ne1+ 62. Kd1 Ng2 63. Qd4 Ne3+ 64. Ke2 Nxf5 65. Qxe4+ 1-0

[Event "18th Izmir Open 2019"]
[Site "Izmir"]
[Date "2019.09.06"]
[Round "8.2"]
[White "Koksal, Ege"]
[Black "Yilmazyerli, Mert"]
[Result "1/2-1/2"]
[ECO "D14"]
[WhiteElo "2375"]
[BlackElo "2417"]
[Annotator "ChessBase"]
[PlyCount "25"]
[EventDate "2019.09.02"]
[EventType "swiss"]
[EventCountry "TUR"]
[SourceTitle "playchess.com"]
[Source "ChessBase"]
[SourceQuality "1"]
[TimeControl "5400+30"]

1. d4 d5 2. c4 c6 3. cxd5 cxd5 4. Nc3 Nc6 5. Nf3 Nf6 6. Bf4 Bf5 7. e3 e6 8. Bd3 Bxd3 9. Qxd3 Bd6 10. Bxd6 Qxd6 11. O-O O-O 12. Rac1 Rfc8 13. Nb1 1/2-1/2

[Event "18th Izmir Open 2019"]
[Site "Izmir"]
[Date "2019.09.06"]
[Round "8.3"]
[White "Li, Konstantin S."]
[Black "Demirbag, Alihan"]
[Result "1-0"]
[ECO "B25"]
[WhiteElo "1279"]
[BlackElo "2121"]
[Annotator "ChessBase"]
[PlyCount "89"]
[EventDate "2019.09.02"]
[EventType "swiss"]
[EventCountry "TUR"]
[SourceTitle "playchess.com"]
[Source "ChessBase"]
[SourceQuality "1"]
[TimeControl "5400+30"]

1. e4 c5 2. Nc3 Nc6 3. g3 g6 4. Bg2 Bg7 5. d3 d6 6. f4 e6 7. Nf3 Nge7 8. O-O O-O 9. Be3 b6 10. Bf2 Ba6 11. Re1 Qd7 12. Qd2 Rad8 13. Rad1 Nd4 14. Nxd4 cxd4 15. Ne2 e5 16. c3 dxc3 17. Nxc3 Bb7 18. d4 exf4 19. gxf4 d5 20. e5 Nf5 21. Qd3 a6 22. Rc1 Bh6 23. Bh3 Bxf4 24. Rc2 Bg5 25. Bxf5 Qxf5 26. Qxf5 gxf5 27. Be3 f6 28. Rg2 Kf7 29. Bxg5 fxg5 30. Rxg5 Rg8 31. Rxg8 Rxg8+ 32. Kf2 Rg4 33. Rd1 Bc6 34. h3 Rg6 35. Ne2 Bb5 36. Nf4 Rc6 37. Rd2 Rc1 38. Nxd5 Rf1+ 39. Kg2 Ra1 40. Nxb6 Rxa2 41. d5 a5 42. Nc8 Kg6 43. e6 Kf6 44. Nd6 Ba6 45. Ne8+ 1-0

[Event "18th Izmir Open 2019"]
[Site "Izmir"]
[Date "2019.09.06"]
[Round "8.4"]
[White "Guseynov, Alihan"]
[Black "Sahin, Senol"]
[Result "1-0"]
[ECO "E74"]
[WhiteElo "2326"]
[BlackElo "1886"]
[Annotator "ChessBase"]
[PlyCount "33"]
[EventDate "2019.09.02"]
[EventType "swiss"]
[EventCountry "TUR"]
[SourceTitle "playchess.com"]
[Source "ChessBase"]
[SourceQuality "1"]
[TimeControl "5400+30"]

1. d4 Nf6 2. c4 g6 3. Nc3 Bg7 4. e4 d6 5. Be2 O-O 6. Bg5 c5 7. d5 h6 8. Bf4 e6 9. dxe6 Bxe6 10. Qd2 g5 11. Be3 Nc6 12. h4 Qa5 13. hxg5 hxg5 14. Bxg5 Ne5 15. Bxf6 Bxf6 16. Qh6 Nd3+ 17. Kf1 1-0

[Event "18th Izmir Open 2019"]
[Site "Izmir"]
[Date "2019.09.06"]
[Round "8.5"]
[White "Salman, Ilhan Serhat"]
[Black "Annaberdiyev, Babageldi"]
[Result "1/2-1/2"]
[ECO "A90"]
[WhiteElo "2037"]
[BlackElo "2205"]
[Annotator "ChessBase"]
[PlyCount "49"]
[EventDate "2019.09.02"]
[EventType "swiss"]
[EventCountry "TUR"]
[SourceTitle "playchess.com"]
[Source "ChessBase"]
[SourceQuality "1"]
[TimeControl "5400+30"]

1. d4 e6 2. g3 d5 3. Bg2 f5 4. c4 c6 5. cxd5 exd5 6. Nf3 Nf6 7. O-O Bd6 8. Bg5 h6 9. Bxf6 Qxf6 10. e3 O-O 11. Nbd2 Nd7 12. Ne1 Qe7 13. Nd3 Kh7 14. Qc2 Nf6 15. Nf3 g6 16. Rfe1 Bd7 17. Rac1 Rae8 18. Nfe5 Bc8 19. Qa4 a6 20. b4 Ng4 21. Nf3 Nf6 22. Nfe5 Ng4 23. Nf3 Nf6 24. Nde5 Ng4 25. Nd3 1/2-1/2

[Event "18th Izmir Open 2019"]
[Site "Izmir"]
[Date "2019.09.06"]
[Round "8.6"]
[White "S.m.farhan, Shahriar"]
[Black "Soysal, Serkan"]
[Result "1/2-1/2"]
[ECO "D10"]
[WhiteElo "1234"]
[BlackElo "2401"]
[Annotator "ChessBase"]
[PlyCount "107"]
[EventDate "2019.09.02"]
[EventType "swiss"]
[EventCountry "TUR"]
[SourceTitle "playchess.com"]
[Source "ChessBase"]
[SourceQuality "1"]
[TimeControl "5400+30"]

1. d4 d5 2. c4 c6 3. cxd5 cxd5 4. Bg5 h6 5. Bh4 Qb6 6. Qd2 Nc6 7. Nc3 e6 8. e3 Bd7 9. Bd3 Nf6 10. Bxf6 gxf6 11. Nge2 Nb4 12. Bb1 Rc8 13. O-O h5 14. a3 Nc6 15. b4 Qd8 16. e4 dxe4 17. Nxe4 b6 18. d5 Ne5 19. Qf4 Rh6 20. Nd6+ Bxd6 21. Qxh6 Ke7 22. Qxh5 Qg8 23. dxe6 Bxe6 24. Ng3 Rc4 25. Bf5 Rf4 26. Bxe6 fxe6 27. Rad1 Bb8 28. Rfe1 f5 29. Qe2 Rh4 30. Qb5 Qh8 31. Nf1 Kf6 32. Qe2 Re4 33. Qd2 Rg4 34. Kh1 Qg8 35. Qd8+ Kf7 36. Qxg8+ Rxg8 37. h3 b5 38. Ne3 Kf6 39. g3 Bc7 40. f4 Nf3 41. Nf1 Bxf4 42. Re2 Bb8 43. Kg2 Ng5 44. Rc2 Ne4 45. Rd3 Be5 46. Rc6 Ra8 47. Nd2 a5 48. Nxe4+ fxe4 49. Re3 axb4 50. axb4 Ra2+ 51. Kf1 Ra1+ 52. Kg2 Ra2+ 53. Kf1 Ra1+ 54. Kg2 1/2-1/2

[Event "18th Izmir Open 2019"]
[Site "Izmir"]
[Date "2019.09.06"]
[Round "8.7"]
[White "Cakiroglu, Metin"]
[Black "Unat, Can Haktan"]
[Result "0-1"]
[ECO "A34"]
[WhiteElo "1934"]
[BlackElo "2100"]
[Annotator "ChessBase"]
[PlyCount "168"]
[EventDate "2019.09.02"]
[EventType "swiss"]
[EventCountry "TUR"]
[SourceTitle "playchess.com"]
[Source "ChessBase"]
[SourceQuality "1"]
[TimeControl "5400+30"]

1. c4 e5 2. Nc3 Nf6 3. e3 c5 4. Nf3 Nc6 5. d4 cxd4 6. exd4 exd4 7. Nxd4 Bc5 8. Nb3 Bb4 9. Be2 d5 10. O-O Be6 11. cxd5 Nxd5 12. Nxd5 Bxd5 13. Be3 O-O 14. Rc1 Re8 15. Bf3 Bxf3 16. Qxf3 Qe7 17. Rfd1 Rac8 18. Qf5 Rcd8 19. h3 h6 20. a3 Bd6 21. Nc5 Be5 22. Qc2 Nd4 23. Bxd4 Bxd4 24. Nd3 Bb6 25. Re1 Qg5 26. Rxe8+ Rxe8 27. Re1 Rd8 28. Re2 Qg3 29. Ne1 Qd6 30. a4 Bc5 31. b3 b6 32. Qc4 Qf6 33. b4 Rd4 34. Re8+ Bf8 35. Qc3 Qd6 36. Nc2 Rd3 37. Qc4 Rd1+ 38. Ne1 Rd4 39. Qa6 Qd7 40. Ra8 Rxb4 41. Qxa7 Qxa7 42. Rxa7 Rb1 43. Kf1 Bb4 44. Ra8+ Kh7 45. Re8 Ra1 46. Re4 Bxe1 47. Rxe1 Rxa4 48. Rb1 Ra6 49. Ke2 Kg6 50. Kd3 Kf5 51. Rb2 f6 52. Kc4 Ra5 53. Kd4 Re5 54. Rxb6 Re2 55. Rb3 Rxf2 56. Rg3 g5 57. Ke3 Ra2 58. Kd4 h5 59. Rf3+ Kg6 60. g3 Rh2 61. h4 gxh4 62. gxh4 Rxh4+ 63. Ke3 Kg5 64. Rg3+ Rg4 65. Rh3 h4 66. Kf2 Ra4 67. Rb3 Kg4 68. Kg2 f5 69. Rb8 Ra2+ 70. Kg1 f4 71. Rb3 Re2 72. Ra3 Re3 73. Ra8 Kf3 74. Rh8 Re1+ 75. Kh2 Ke3 76. Rf8 f3 77. Re8+ Kd2 78. Rd8+ Ke2 79. Re8+ Kf1 80. Rf8 f2 81. Rf7 Ke2 82. Re7+ Kd3 83. Rf7 f1=Q 84. Rf3+ Kd2 0-1

[Event "18th Izmir Open 2019"]
[Site "Izmir"]
[Date "2019.09.06"]
[Round "8.8"]
[White "Isilak, Enes"]
[Black "Mammadov, Mustafa"]
[Result "0-1"]
[ECO "D78"]
[WhiteElo "1885"]
[BlackElo "2061"]
[Annotator "NA"]
[PlyCount "104"]
[EventDate "2019.09.02"]
[EventType "swiss"]
[EventCountry "TUR"]
[SourceTitle "playchess.com"]
[Source "ChessBase"]
[SourceQuality "1"]
[TimeControl "5400+30"]

1. d4 Nf6 2. Nf3 g6 3. c4 Bg7 4. g3 c6 5. Bg2 d5 6. Qb3 O-O 7. O-O dxc4 8. Qxc4 Be6 9. Qa4 Qb6 10. Nc3 Qa6 {[%emt 0:08:30] D78: Fianchetto Grünfeld: 6 0-0 c6} (10... Na6 11. Rd1 Rfd8 12. h3 c5 13. dxc5 Nxc5 14. Rxd8+ Rxd8 15. Qa3 Nfe4 16. Be3 Nxc3 17. bxc3 Rc8 18. Ng5 Qc7 19. Qxa7 {1-0 (27) Wojtaszek,R (2705)-Melkumyan,H (2615) Warsaw 2011}) 11. Qc2 Nd5 12. Rd1 Nd7 13. Bf1 $146 ({Predecessor:} 13. e4 Nxc3 14. bxc3 b5 15. Be3 Nb6 16. Nd2 Qc8 17. f4 f5 {1-0 (31) Akbarinia,S (2371)-Serra Pages,J (2239) Barcelona 2018}) 13... Nb4 14. Qb1 Nf6 15. e4 Qa5 16. a3 Na6 17. Bg2 Rad8 18. Be3 h6 19. Ne5 Bb3 20. Rd2 Nd7 21. Nf3 Nb6 22. Bf1 Nc4 23. Bxc4 Bxc4 24. Kg2 Qh5 25. Qd1 Be6 26. Ng1 Qa5 27. b4 Qc7 28. Rc1 Qb8 29. Bf4 Qa8 30. f3 g5 $11 31. Be3 f5 32. d5 Bc8 33. dxc6 Rxd2+ 34. Qxd2 bxc6 35. Qd3 Nc7 36. Bc5 Ne6 37. Bxe7 Rf7 38. Bd6 g4 39. exf5 Nd4 40. fxg4 c5+ 41. Kh3 h5 42. Qe4 hxg4+ 43. Kh4 Nxf5+ 44. Kh5 Bb7 45. Qe6 Nd4 46. Qg6 Rf6 47. Qxg4 Rh6+ 48. Kg5 Qd8+ 49. Kf4 Qxd6+ 50. Ke3 Rf6 51. bxc5 Qxc5 52. Nge2 Nxe2+ 0-1